 Dungeon Crawl Stone Soup version 0.32-a0-872-g59262bdc9b (webtiles) character file.

Game seed: 11591351017276140911

11164582 notthatgreg the Infernalist (level 27, 273/273 HPs)
             Began as a Mountain Dwarf Summoner on Mar 26, 2024.
             Was the Champion of the Shining One.
             Escaped with the Orb
             ... and 12 runes on Mar 30, 2024!
             The game lasted 11:05:50 (92125 turns).

notthatgreg the Infernalist (MDSu)                 Turns: 92125, Time: 11:05:51

Health: 273/273    AC: 54    Str: 22    XL:     27
Magic:  40/40      EV: 12    Int: 27    God:    the Shining One [******]
Gold:   11501      SH: 12    Dex: 20    Spells: 3/50 levels left

rFire   + + +        C - +9 trishula (holy)
rCold   + . .        W - +3 warlock's mirror {omnireflect}
rNeg    + + +        B - +10 gold dragon scales
rPois   +            R - +2 helmet of Saydwim {Regen+}
rElec   +            Y - +2 cloak of Ravioli {Dex+4}
rCorr   +            z - +2 pair of gloves {Stlth+}
SInv    +            P - +2 pair of boots of Love and Death {Int+4 SInv}
Will    +++..        A - amulet "Siseben" {rPois rF++ RegenMP+ rCorr Int-2} Stlth
                     V - ring of Day {rElec rN+ Will+ Str+8 Int-2}
HPRegen 1.45/turn    t - ring of the Castellan {rF+++ AC+4 Str+2 Int-2 Dex+6}
MPRegen 0.67/turn

%: reflection
@: glowing, studying 2 skills
A: runic magic, artefact enchanting, talons 1
0: Orb of Zot
}: 12/15 runes: decaying, serpentine, slimy, silver, obsidian, icy, abyssal,
demonic, glowing, magical, fiery, dark
a: Renounce Religion, Divine Shield, Cleansing Flame, Summon Divine Warrior


You escaped.
You worshipped the Shining One.
The Shining One was exalted by your worship.
You visited 16 branches of the dungeon, and saw 76 of its levels.
You visited Pandemonium 3 times, and saw 16 of its levels.
You visited the Abyss 2 times.
You visited 2 bazaars.
You visited 1 ziggurat, and saw 14 of its levels.
You also visited: Volcano.

You collected 14359 gold pieces.
You spent 2858 gold pieces at shops.

Inventory:

Hand Weapons
 s - the +9 double sword "Ryitawac" {heavy, Str+2 Int+2}
   (You took it off a deep elf death mage on level 3 of the Elven Halls)

   Str+2:     It affects your strength (+2).
   Int+2:     It affects your intelligence (+2).
 C - a +9 trishula of holy wrath (weapon)
Armour
 z - a +2 pair of gloves of stealth (worn)
 B - +10 gold dragon scales (worn)
 P - the +2 pair of boots of Love and Death (worn) {Int+4 SInv}
   (You found it on level 3 of the Elven Halls)

   Int+4:     It affects your intelligence (+4).
   SInv:      It lets you see invisible.
 R - the +2 helmet of Saydwim (worn) {Regen+}
   (You found it on level 14 of the Dungeon)

   Regen+:    It increases your rate of health regeneration.
 U - a +2 cloak of willpower
 W - the +3 warlock's mirror (worn) {omnireflect}
   (You found it on level 4 of the Vaults)

   Omnireflect: It can block and reflect piercing ranged attacks and magical
   attacks against the wielder's willpower.
 Y - the +2 cloak of Ravioli (worn) {Dex+4}
   (You found it on level 4 of the Vaults)

   Dex+4:     It affects your dexterity (+4).
Jewellery
 t - the ring of the Castellan (right hand) {rF+++ AC+4 Str+2 Int-2 Dex+6}
   (You acquired it on level 2 of the Vaults)

   [ring of protection]

   AC+4:      It affects your AC (+4).
   Str+2:     It affects your strength (+2).
   Int-2:     It affects your intelligence (-2).
   Dex+6:     It affects your dexterity (+6).
   rF+++:     It renders you almost immune to fire.
 A - the amulet "Siseben" (around neck) {rPois rF++ RegenMP+ rCorr Int-2}
   (You found it on level 3 of the Vaults)

   [amulet of magic regeneration]

   It increases your rate of magic regeneration.
   Int-2:     It affects your intelligence (-2).
   rF++:      It greatly protects you from fire.
   rPois:     It protects you from poison.
   rCorr:     It protects you from acid and corrosion.
   RegenMP+:  It increases your rate of magic regeneration.
 J - a ring of flight
 N - the ring "Oqoidi" {rF+ AC+4 Str-2 Dex+4 SInv}
   (You found it in Pandemonium)

   [ring of protection]

   AC+4:      It affects your AC (+4).
   Str-2:     It affects your strength (-2).
   Dex+4:     It affects your dexterity (+4).
   rF+:       It protects you from fire.
   SInv:      It lets you see invisible.
 O - the ring of the Tortoise {AC+8}
   (You took it off a deep elf master archer on level 3 of the Elven Halls)

   [ring of protection]

   AC+8:      It affects your AC (+8).
 V - the ring of Day (left hand) {rElec rN+ Will+ Str+8 Int-2}
   (You found it on level 11 of a ziggurat)

   [ring of willpower]

   Str+8:     It affects your strength (+8).
   Int-2:     It affects your intelligence (-2).
   rElec:     It insulates you from electricity.
   rN+:       It protects you from negative energy.
   Will+:     It increases your willpower.
 X - the ring of the Swan {Int+2 Dex+6}
   (You found it on level 9 of a ziggurat)

   [ring of dexterity]

   Int+2:     It affects your intelligence (+2).
   Dex+6:     It affects your dexterity (+6).
Wands
 o - a wand of warping (52)
 q - a wand of acid (43)
 E - a wand of digging (15)
 K - a wand of mindburst (52)
 L - a wand of paralysis (36)
 Q - a wand of polymorph (21)
Scrolls
 a - 2 scrolls of summoning
 e - 3 scrolls of amnesia
 f - 8 scrolls of fog
 h - 25 scrolls of teleportation
 k - 12 scrolls of vulnerability
 l - 2 scrolls of revelation
 p - 5 scrolls of blinking
 u - 8 scrolls of poison
 M - 9 scrolls of fear
 Z - 9 scrolls of immolation
Potions
 b - a potion of magic
 d - 2 potions of berserk rage
 g - 8 potions of brilliance
 i - 9 potions of resistance
 j - 15 potions of mutation
 m - 8 potions of enlightenment
 n - 10 potions of ambrosia
 r - 25 potions of curing
 w - 7 potions of might
 D - a potion of cancellation
 F - 10 potions of haste
 G - 6 potions of heal wounds
 H - 13 potions of lignification
Miscellaneous
 v - a lightning rod (4/4)
 x - a box of beasts
 y - a phantom mirror
 I - a phial of floods
 T - a condenser vane (inert)


   Skills:
 O Level 27 Fighting
 - Level 16.0 Long Blades
 - Level 14.0 Polearms
 - Level 23.0 Armour
 - Level 15.5 Dodging
 - Level 4.1 Stealth
 - Level 16.0 Shields
 - Level 12.0 Spellcasting
 - Level 2.1 Conjurations
 - Level 6.0 Hexes
 - Level 21.5 Summonings
 - Level 11.0 Translocations
 O Level 27 Fire Magic
 - Level 4.0 Air Magic
 + Level 17.4 Earth Magic
 O Level 27 Invocations
 - Level 9.0 Evocations


You had 3 spell levels left.
You knew the following spells:

 Your Spells              Type           Power      Damage    Failure   Level
a - Ignition              Fire           52%        3d14      1%          8
b - Monstrous Menagerie   Summ           46%        N/A       1%          7
c - Lee's Rapid Deconstr  Erth           42%        3d20*     1%          5
d - Fire Storm            Conj/Fire      38%        8d10      100%        9
f - Lesser Beckoning      Tloc           100%       N/A       1%          2
g - Summon Mana Viper     Hex/Summ       74%        N/A       1%          5
h - Animate Armour        Summ/Erth      100%       N/A       1%          4
i - Summon Hydra          Summ           46%        N/A       1%          7

Your spell library contained the following spells:

 Spells                   Type           Power      Damage    Failure   Level
 Sandblast                Erth           100%       2d20      0%          1
 Summon Small Mammal      Summ           100%       N/A       0%          1
 Call Imp                 Summ           100%       N/A       0%          2
 Scorch                   Fire           100%       2d9       0%          2
 Call Canine Familiar     Summ           93%        N/A       0%          3
 Volatile Blastmotes      Fire/Tloc      100%       2d18      0%          3
 Apportation              Tloc           100%       N/A       1%          1
 Foxfire                  Conj/Fire      100%       2x1d9     1%          1
 Shock                    Conj/Air       100%       1d9       1%          1
 Blink                    Tloc           100%       N/A       1%          2
 Jinxbite                 Hex            96%        N/A       1%          2
 Momentum Strike          Conj/Tloc      100%       3d10      1%          2
 Confusing Touch          Hex            48%        N/A       1%          3
 Inner Flame              Hex/Fire       81%        N/A       1%          3
 Passwall                 Erth           84%        N/A       1%          3
 Sigil of Binding         Hex            48%        N/A       1%          3
 Stone Arrow              Conj/Erth      100%       3d13      1%          3
 Summon Ice Beast         Ice/Summ       65%        N/A       1%          3
 Teleport Other           Tloc           66%        N/A       1%          3
 Tukima's Dance           Hex            48%        N/A       1%          3
 Kiss of Death            Conj/Necr      88%        2d12      4%          1
 Sting                    Conj/Alch      88%        1d8       4%          1
 Mercury Vapours          Alch/Air       54%        N/A       4%          2
 Dazzling Flash           Conj/Hex       76%        N/A       4%          3
 Swiftness                Air            37%        N/A       4%          3
 Cigotuvi's Dreadful Rot  Necr/Alch/Air  46%        N/A       7%          2
 Necrotise                Necr           64%        1d7       8%          1
 Mephitic Cloud           Conj/Alch/Air  27%        N/A       10%         3
 Sublimation of Blood     Necr           16%        N/A       11%         2
 Hailstorm                Conj/Ice       22%        3d7       14%         3
 Vampiric Draining        Necr           16%        2d7       22%         3
 Summon Blazeheart Golem  Fire/Summ      98%        N/A       0%          4
 Brom's Barrelling Bould  Conj/Erth      62%        2d8       1%          4
 Flame Wave               Conj/Fire      76%        2d17      1%          4
 Ignite Poison            Fire/Alch      73%        N/A       1%          4
 Leda's Liquefaction      Alch/Erth      29%        N/A       1%          4
 Martyr's Knell           Necr/Summ      65%        N/A       1%          4
 Passage of Golubria      Tloc           66%        N/A       1%          4
 Petrify                  Alch/Erth      58%        N/A       1%          4
 Sticky Flame             Fire/Alch      73%        2d12      1%          4
 Summon Lightning Spire   Summ/Air       71%        N/A       1%          4
 Fireball                 Conj/Fire      38%        3d16      1%          5
 Summon Forest            Summ/Tloc      40%        N/A       1%          5
 Plasma Beam              Fire/Air       39%        2x1d53    1%          6
 Summon Cactus Giant      Summ           46%        N/A       1%          6
 Dimensional Bullseye     Hex/Tloc       29%        N/A       2%          4
 Starburst                Conj/Fire      38%        6d11      2%          6
 Vhi's Electric Charge    Tloc/Air       100%       N/A       3%          4
 Iskenderun's Mystic Bla  Conj/Tloc      51%        2d11      (+2d64%     4
 Cause Fear               Hex            24%        N/A       6%          4
 Borgnjor's Vile Clutch   Necr/Erth      29%        N/A       6%          5
 Summon Horrible Things   Summ           46%        N/A       7%          8
 Malign Gateway           Summ/Tloc      40%        N/A       8%          7
 Dispersal                Tloc           33%        N/A       12%         6
 Gell's Gavotte           Tloc           33%        2d(26-38) 12%         6
 Airstrike                Air            18%        2d(3-19)  14%         4
 Bombard                  Conj/Erth      31%        9d6       21%         6
 Silence                  Hex/Air        21%        N/A       26%         5
 Permafrost Eruption      Ice/Erth       29%        2x4d7     32%         6
 Fulminant Prism          Conj/Alch      11%        3d8       43%         4
 Spellforged Servitor     Conj/Summ      34%        N/A       43%         7
 Arcjolt                  Conj/Air       16%        1d26      50%         5
 Metabolic Englaciation   Hex/Ice        16%        N/A       52%         5
 Yara's Violent Unravell  Hex/Alch       16%        3d8       52%         5
 Manifold Assault         Tloc           33%        N/A       56%         7
 Animate Dead             Necr           16%        N/A       58%         4
 Dispel Undead            Necr           16%        3d10      58%         4
 Olgreb's Toxic Radiance  Alch           16%        N/A       58%         4
 Haunt                    Necr/Summ      32%        N/A       58%         7
 Iskenderun's Battlesphe  Conj           28%        2d8       63%         5
 Freezing Cloud           Conj/Ice/Air   13%        6-21      65%         5
 Dragon's Call            Summ           46%        N/A       73%         9
 Irradiate                Conj/Alch      11%        3d15      78%         5
 Curse of Agony           Necr           16%        N/A       90%         5
 Conjure Ball Lightning   Conj/Air       16%        3x3d6     97%         6
 Enfeeble                 Hex            24%        N/A       99%         7
 Disjunction              Tloc           33%        N/A       99%         8
 Shatter                  Erth           42%        3d33*     99%         9
 Death Channel            Necr           8%         N/A       100%        6
 Eringya's Noxious Bog    Alch           8%         4d6       100%        6
 Sculpt Simulacrum        Ice/Alch       8%         N/A       100%        6
 Orb of Destruction       Conj           14%        9d7       100%        7
 Ozocubu's Refrigeration  Ice            8%         4d9       100%        7
 Discord                  Hex            24%        N/A       100%        8
 Lehudib's Crystal Spear  Conj/Erth      31%        10d8      100%        8
 Chain Lightning          Conj/Air       16%        3d21      100%        9
 Polar Vortex             Ice            8%         12d1*     100%        9


Dungeon Overview and Level Annotations

Branches:
Dungeon (15/15)            Temple (1/1) D:4            Lair (5/5) D:8
  Swamp (4/4) Lair:2        Snake (4/4) Lair:3        Slime (5/5) Lair:4
    Orc (2/2) D:9             Elf (3/3) Orc:2        Vaults (5/5) D:14
  Crypt (3/3) Vaults:3       Tomb (0/3) Crypt:3      Depths (4/4) D:15
   Hell (visited)             Dis (6/7) Hell            Geh (7/7) Hell
    Coc (7/7) Hell            Tar (0/7) Hell            Zot (5/5) Depths:4
Volcano (visited)

Altars:
Ashenzari
Cheibriados
Dithmenos
Elyvilon
Fedhas
Gozag
Hepliaklqana
Kikubaaqudgha
Makhleb
Nemelex Xobeh
Okawaru
Qazlal
Ru
Sif Muna
Trog
Uskayaw
Vehumet
Wu Jian
Xom
Yredelemnul
Zin
The Shining One
Beogh
Jiyva

Shops:
D:2 [   D:8 :   Orc:2 :[(!   Elf:3 [   Vaults:4 *(   Depths:3 =   Depths:4 *

Portals:
Hell: Depths:1 Depths:2 Depths:3 Depths:4
Abyss: Depths:3
Pandemonium: Depths:2

Annotations:
D:9 exclusion: downstairs
Temple 4 transporters
Snake:3 2 transporters, lunkers's ghost, adept CoBe


Innate Abilities, Weirdness & Mutations

Your spellcasting is much less encumbered by armour.
You can use scrolls of enchantment on lesser artefacts.
You have sharp toenails.


Message History

The Hell Sentinel is severely wounded.
The Hell Sentinel gestures at you.
The sphere of damnation explodes!
The damnation engulfs you!!!
The damnation engulfs the Hell Sentinel.
The Hell Sentinel completely resists.
You puncture the Hell Sentinel!
The Hell Sentinel convulses!
The Hell Sentinel is almost dead.
The Hell Sentinel hits you but does no damage.
The Hell Sentinel closely misses you.
You hit the Hell Sentinel.
The Hell Sentinel convulses.
The Hell Sentinel is almost dead.
You hit the Hell Sentinel but do no damage.
The Hell Sentinel is almost dead.
The Hell Sentinel hits you but does no damage.
You block the Hell Sentinel's attack.
You hit the Hell Sentinel but do no damage.
The Hell Sentinel is almost dead.
You hit the Hell Sentinel but do no damage.
The Hell Sentinel is almost dead.
The Hell Sentinel hits you but does no damage.
The Hell Sentinel barely misses you.
You puncture the Hell Sentinel!
You kill the Hell Sentinel!
The Shining One accepts your kill.
You feel better.
You open the door.
There is an open door here.
There is a stone staircase leading up here.
You climb upwards.
There is a stone staircase leading down here.
Things that are here:
a +0 club; a goblin skeleton HP restored.
There is a staircase leading out of the dungeon here.
Found 10 gold pieces.
Found a potion of resistance.
You now have 11501 gold pieces (gained 10).
i - 9 potions of resistance (gained 1)
There is a staircase leading out of the dungeon here.
You have escaped!

#.......#######.......### #.#
.....###.......###......#######.#
..###.............###....#.......
.#......#######......#...######.#
#.....### ###.....#...#####.#
#....## ##....#...#...... #....##
##....#...#[..... #.....###
###.....#...#......
.#..(...#######.@....#...##......
..###.............###....#.......
.....###.......###......##.......
#.......#######.......####.......
#####.............##### #.......
#######.##############.......
#......# #........##.###
#####.####.# #.######....#
#.....# #.# #.# #)####


There were no monsters in sight!

Vanquished Creatures
  Cerebov (Pan)
  Antaeus (Coc:7)
  Mnoleg (Pan)
  Lom Lobon (Pan)
  10 pandemonium lords
  Tiamat (Zot:1)
  An ancient lich (Depths:3)
  2 dread liches
  Khufu (Crypt:3)
  5 orbs of fire (Zot:5)
  Vv (Zot:1)
  5 Killer Klowns
  the Lernaean hydra (Swamp:4)
  Bai Suzhen (Crypt:2)
  15 shard shrikes
  Saint Roka (Elf:3)
  A curse toe (Zot:4)
  16 caustic shrikes
  6 golden dragons
  2 profane servitors
  Nikola (Snake:3)
  Geryon (Hell)
  3 Tzitzimimeh (Pan)
  5 bone dragons
  12 Brimstone Fiends
  8 iron giants
  7 hellephants
  2 electric golems
  3 doom hounds (Geh:1)
  7 Hell Sentinels
  Jorgrun (D:13)
  15 tentacled monstrosities
  A shard shrike skeleton (Abyss:3)
  23 Orb Guardians
  A deep elf blademaster (Elf:3)
  20 Ice Fiends
  4 walking frostbound tomes
  6 quicksilver dragons
  A lich (Hell)
  A walking divine tome (Depths:3)
  22 searing wretches
  Asterion (Depths:1)
  5 deep elf master archers
  11 acid blobs
  7 sphinxes
  15 titans
  A kraken (Abyss:3)
  3 death cobs
  23 Executioners
  15 ancient champions
  5 tentacled starspawn
  10 storm dragons
  Kirke (D:13)
  10 demonspawn warmongers (Pan)
  6 shadow dragons
  5 tengu reavers
  13 protean progenitors
  4 draconian monks
  5 revenants
  7 nagarajas
  9 rockslimes
  A fenstrider witch (Pan)
  12 frost giants
  27 narguns
  23 fire giants
  3 quicksilver elementals
  31 azure jellies
  A deep elf elementalist (Zig:13)
  8 draconian scorchers
  50 balrugs
  6 draconian knights
  15 vault wardens
  9 iron dragons
  3 angels (Pan)
  3 deep elf sorcerers
  8 ghouls
  2 orc warlords
  The ghost of Ratippef the Destroyer, a journeyman DEAE of Gozag (D:15)
  4 ghost moths
  5 shard shrike simulacra
  10 draconian shifters
  11 cacodemons
  7 ironbound preservers
  A curse skull (Zig:12)
  19 very ugly things
  4 draconian stormcallers
  5 juggernaut skeletons (Pan)
  4 draconian annihilators
  8 formless jellyfish
  8 quicksilver oozes (Slime:5)
  7 demonspawn blood saints (Pan)
  13 stone giants
  3 spriggan defenders
  9 vampire knights
  A caustic shrike skeleton (Pan)
  16 reapers
  5 demonspawn corrupters (Pan)
  An ironbound thunderhulk (Vaults:3)
  35 elemental wellsprings
  11 purple draconians
  2 broodmothers (Zot:2)
  9 demonspawn black suns
  An eleionoma (Swamp:4)
  12 lorocyprocas
  3 deep elf annihilators
  3 bunyips
  28 war gargoyles
  5 deep elf demonologists
  13 black draconians
  12 white draconians
  9 spark wasps
  10 green draconians
  5 deep elf death magi
  5 yellow draconians
  19 wendigos
  6 dire elephants
  6 eidola
  14 red draconians
  11 iron golems
  13 ettins
  A quicksilver dragon zombie (Crypt:1)
  19 blizzard demons
  2 mummy priests (Crypt:3)
  12 green deaths (Pan)
  2 shambling mangroves
  5 fire dragons
  23 jiangshi
  5 deep elf high priests
  A crystal guardian (Vaults:4)
  4 entropy weavers
  8 hell beasts
  9 salamander tyrants
  40 vault guards
  11 yaktaur captains
  3 great orbs of eyes
  A quicksilver dragon skeleton (Crypt:1)
  4 rakshasas
  A peacekeeper (Vaults:4)
  7 caustic shrike simulacra
  6 ghost crabs
  17 stokers
  4 alligators
  A fenstrider witch zombie (Crypt:2)
  8 juggernaut simulacra
  4 ogre magi
  2 spriggan air magi
  10 ice dragons
  2 jorogumos (Pan)
  11 centaur warriors
  3 boulder beetles
  16 hydras
  5 dancing weapons
  A death knight (Crypt:3)
  2 anacondas
  An anaconda (shapeshifter) (Zig:14)
  A merfolk aquamancer (Pan)
  3 radroaches
  21 hell hogs
  5 two-headed ogres
  2 catoblepae (Zig:10)
  5 ironbound frosthearts
  12 vampire magi
  5 shock serpents
  4 death yaks
  An orc high priest (Zig:11)
  9 tengu warriors
  2 deep troll shamans (Depths:2)
  4 demonic crawlers (Pan)
  An occultist (Depths:3)
  8 thrashing horrors
  A titan zombie (Crypt:2)
  2 bennu skeletons (Crypt:1)
  6 deep troll earth magi
  8 naga sharpshooters
  5 iron trolls
  11 naga warriors
  2 spectral emperor scorpions (Pan)
  12 deep elf knights
  15 soul eaters
  53 sun demons
  Nergalle (Orc:1)
  2 spriggan berserkers (Depths:3)
  24 crystal echidnas
  An iron troll (shapeshifter) (Zig:14)
  2 fire crabs (Abyss:3)
  2 storm dragon zombies
  40 skeletal warriors
  6 hell knights
  A skyshark (Lair:1)
  A pharaoh ant (Zig:9)
  11 sixfirhies
  8 wretched stars
  3 goliath frogs
  A bunyip zombie (Abyss:3)
  7 shadow wraiths
  3 quicksilver dragon simulacra
  4 arcanists
  3 glowing orange brains
  2 mana vipers
  17 deep trolls
  5 spriggan simulacra
  5 bog bodies
  4 swamp dragons (Swamp:4)
  87 slime creatures
  3 orb spiders
  4 spriggan druids
  A bunyip skeleton (Crypt:2)
  An orange crystal statue (Zig:12)
  6 flayed ghosts
  3 sun moths (Pan)
  A steelbarb worm (Zig:9)
  2 obsidian statues
  12 ironbound convokers
  7 deep elf archers
  12 shadow demons (Pan)
  11 starcursed masses
  5 harpies
  2 orc knights (D:14)
  14 deep elf pyromancers
  9 phantasmal warriors
  3 shining eyes
  A golden dragon skeleton (Depths:3)
  14 necromancers
  13 deep elf zephyrmancers
  A wolf spider (Zig:9)
  An iron dragon zombie (Abyss:3)
  2 orc sorcerers (Orc:2)
  22 ugly things
  A fire giant zombie (Depths:3)
  2 alligator skeletons (Hell)
  A salamander (D:15)
  32 large abominations
  A worldbinder (Abyss:3)
  3 cyclopes
  2 will-o-the-wisps
  29 moths of wrath
  Maurice (D:7)
  4 Executioner simulacra (Pan)
  5 nameless horrors
  A meliai (Zig:9)
  6 elephants
  A frost giant skeleton (Depths:3)
  5 rust devils
  A dire elephant zombie (Abyss:3)
  2 eyes of devastation
  8 guardian serpents
  7 apocalypse crabs
  A water nymph (shapeshifter) (Vaults:5)
  8 naga magi
  10 orange demons
  17 black mambas
  3 molten gargoyles (Hell)
  12 cane toads
  2 centaur zombies
  24 smoke demons
  3 titan simulacra
  10 ice statues
  22 vault sentinels
  A torpor snail (Zig:9)
  A gargoyle (D:13)
  A mana viper skeleton (Crypt:1)
  A sea snake zombie (Hell)
  39 hellions
  An unseen horror (shapeshifter) (D:14)
  An unseen horror (Abyss:3)
  A rime drake (Lair:3)
  20 freezing wraiths
  2 spectral sea snakes (Snake:4)
  23 yaktaurs
  16 tormentors
  3 iron giant simulacra
  A red draconian skeleton (Crypt:1)
  A yaktaur zombie (Vaults:4)
  7 ice devils
  A bunyip simulacrum (Coc:2)
  A spectral harpy (Crypt:3)
  11 komodo dragons
  6 tengu conjurers
  4 efreet (Pan)
  7 guardian mummies (Crypt:3)
  An unseen horror skeleton (Crypt:1)
  13 hellwings (Pan)
  8 ancient zymes
  5 anaconda simulacra
  A sea snake skeleton (Snake:4)
  A spectral naga (Snake:4)
  4 red devils
  A harpy zombie (Crypt:2)
  4 trolls
  2 merfolk (Zot:4)
  A merfolk (shapeshifter) (Vaults:3)
  A tarantella (Zig:9)
  13 hornets
  A hydra zombie (Hell)
  A polar bear (Lair:5)
  5 glass eyes
  6 tyrant leeches
  A hydra skeleton (Crypt:2)
  5 dream sheep (Lair:5)
  A moth of wrath zombie (Crypt:2)
  A meliai zombie (D:11)
  13 raiju (Abyss:3)
  2 stone giant simulacra
  2 iron dragon simulacra
  5 blink frogs (Lair:4)
  A jumping spider (Vaults:4)
  A frost giant simulacrum (Depths:3)
  A guardian serpent skeleton (Snake:4)
  2 shadows
  4 air elementals
  A culicivora (Zig:9)
  14 spriggans
  A satyr skeleton (Crypt:1)
  A vampire (D:11)
  13 ynoxinuls
  2 fire elementals
  2 humans (D:14)
  A fire dragon skeleton (Crypt:1)
  10 neqoxecs
  39 yaks
  4 hogs (D:13)
  4 dire elephant simulacra
  14 water elementals
  An ettin skeleton (Vaults:4)
  A steam dragon (D:8)
  Grum (Lair:1)
  2 fire bats (Pan)
  10 wraiths
  2 basilisks
  A wyvern (shapeshifter) (D:15)
  3 alligator snapping turtle simulacra
  8 golden eyes
  A sea snake simulacrum (Snake:4)
  A redback (Vaults:4)
  A redback (shapeshifter) (Vaults:5)
  7 vampire mosquitoes
  28 nagas
  14 chaos spawn
  14 harpy simulacra
  12 swamp worms
  6 spatial vortices (Abyss:3)
  5 water moccasins
  A glowing shapeshifter zombie (Vaults:4)
  20 hell hounds
  3 hydra simulacra
  A swamp drake (Swamp:4)
  6 orc warriors
  An ice beast (Abyss:3)
  A black bear (D:15)
  4 ettin simulacra
  26 laughing skulls
  16 wolves
  8 centaurs
  3 ogres
  An ice dragon simulacrum (Crypt:1)
  5 boggarts
  A swamp dragon skeleton (Crypt:1)
  7 brain worms
  2 weeping skulls (Abyss:3)
  An earth elemental (Abyss:3)
  5 bullfrogs
  9 small abominations
  A scorpion (D:6)
  5 wights
  6 hexers
  4 burial acolytes (Crypt:3)
  A spriggan zombie (Crypt:2)
  A spriggan skeleton (Crypt:2)
  A quasit (Pan)
  A centaur skeleton (Crypt:2)
  A hound (D:4)
  9 orc priests
  A jelly (D:6)
  A gnoll bouda (D:4)
  10 iron imps
  A sleepcap (D:8)
  An iguana (D:5)
  7 orc wizards
  An acid dragon zombie (Crypt:1)
  4 gnolls
  9 naga simulacra
  A steam dragon skeleton (Crypt:2)
  A white imp (Abyss:3)
  2 ufetubi (Abyss:3)
  20 orcs
  A ball python (D:3)
  3 bats
  4 endoplasms
  A giant cockroach (D:3)
  2 goblins
  2 hobgoblins
  3 kobolds
  A quokka (D:3)
  A frilled lizard (D:1)
  A hobgoblin skeleton (Crypt:2)
  2 rats
  12 aspiring fleshes
  4 ball lightnings (Pan)
  5 creeping infernos
  13 fire vortices
  A starspawn tentacle (Zig:13)
  5 tentacles (Abyss:3)
2763 creatures vanquished.

Vanquished Creatures (collateral kills)
  Asmodeus (Geh:7)
  Gloorx Vloq (Pan)
  3 pandemonium lords
  A dread lich (Vaults:5)
  Mara (Swamp:4)
  An orb of fire (Zot:5)
  3 ancient liches
  A Killer Klown (Zot:5)
  4 caustic shrikes
  5 golden dragons
  A profane servitor (Crypt:3)
  A Tzitzimitl (Pan)
  2 bone dragons
  A hellephant (Geh:2)
  3 iron giants
  A Brimstone Fiend (Geh:7)
  3 electric golems
  A walking crystal tome (Depths:4)
  10 tentacled monstrosities
  Zenata (Vaults:4)
  A lich (Crypt:3)
  A deep elf master archer (Elf:3)
  5 Orb Guardians (Zot:5)
  2 ancient champions
  11 acid blobs
  2 quicksilver dragons
  2 titans
  2 deep elf blademasters
  2 searing wretches (Geh:4)
  11 Executioners (Pan)
  3 sphinxes
  A thorn hunter (Swamp:3)
  4 shadow dragons
  Donald (Orc:2)
  5 tengu reavers
  Aizul (Snake:1)
  6 nagarajas
  3 storm dragons
  8 vault wardens
  An azure jelly (Slime:5)
  4 draconian knights
  2 revenants
  3 protean progenitors
  A rockslime (Slime:5)
  7 fire giants
  4 frost giants
  Louise (Swamp:3)
  A demonspawn warmonger (Pan)
  3 iron dragons
  4 balrugs (Pan)
  6 deep elf elementalists (Elf:3)
  5 deep elf sorcerers
  A ghost moth (Zot:5)
  5 reapers
  2 curse skulls (Pan)
  A draconian annihilator (Zot:5)
  A ghoul (Swamp:4)
  2 draconian scorchers (Zot:1)
  2 caustic shrike skeletons (Pan)
  2 demonspawn blood saints (Pan)
  3 cacodemons (Pan)
  5 very ugly things
  6 stone giants
  6 formless jellyfish
  A quicksilver ooze (Slime:5)
  4 ironbound preservers
  3 ironbound thunderhulks
  An ophan (Abyss:3)
  8 deep elf death magi
  A juggernaut skeleton (Pan)
  4 vampire knights
  4 dire elephants
  A demonspawn black sun (Pan)
  3 eleionomae
  A lorocyproca (Hell)
  4 war gargoyles
  3 red draconians
  3 yellow draconians
  A green draconian (Zot:5)
  11 deep elf annihilators (Elf:3)
  2 spark wasps (Depths:4)
  2 deep elf demonologists (Elf:3)
  3 purple draconians (Zot:1)
  Azrael (D:12)
  A white draconian (Zot:5)
  3 bunyips
  2 iron golems (Dis:3)
  A green death (Zot:1)
  4 ettins
  A blizzard demon (Hell)
  8 jiangshi
  6 deep elf high priests
  7 fire dragons
  An entropy weaver (Vaults:5)
  A rakshasa (Depths:2)
  A salamander tyrant (Geh:4)
  8 yaktaur captains
  7 great orbs of eyes
  2 hell beasts (Hell)
  Erolcha (Orc:2)
  An ogre mage (D:14)
  3 ice dragons
  2 death knights
  A peacekeeper (Vaults:4)
  4 centaur warriors
  7 hydras
  12 vault guards
  A fenstrider witch skeleton (Crypt:1)
  6 ironbound frosthearts
  3 anacondas
  A death yak (Lair:2)
  A stoker (Geh:7)
  2 two-headed ogres
  5 alligators
  20 dancing weapons
  A tengu warrior (D:12)
  3 boulder beetles
  2 deep troll shamans
  A demonic crawler (Hell)
  3 vampire magi
  6 naga sharpshooters
  A hell hog (Hell)
  5 naga warriors
  3 occultists
  A spectral emperor scorpion (Pan)
  3 shock serpents
  A titan zombie (Depths:3)
  A spriggan berserker (Depths:3)
  Urug (Lair:1)
  A shock serpent (shapeshifter) (Elf:2)
  7 sun demons
  A salamander mystic (Snake:3)
  4 soul eaters
  2 hell knights (Depths:1)
  A skyshark (Lair:3)
  A hellephant skeleton (Pan)
  A spectral spark wasp (Depths:3)
  A goliath frog (Swamp:3)
  5 shadow wraiths (Pan)
  2 iron trolls
  A sixfirhy (Pan)
  A spriggan druid (Swamp:3)
  5 skeletal warriors
  12 deep trolls
  10 deep elf knights
  2 titan skeletons (Depths:3)
  6 mana vipers
  6 lindwurms
  4 arcanists
  3 flayed ghosts
  3 shadow demons
  3 swamp dragons
  A glowing orange brain (shapeshifter) (Depths:4)
  A bog body (Swamp:4)
  8 ironbound convokers
  An orange crystal statue (Zig:12)
  An orb spider (Pan)
  9 thermic dynamos
  3 naga ritualists
  An obsidian bat (Orc:2)
  4 harpies
  A phantasmal warrior (Vaults:5)
  20 deep elf pyromancers
  2 necromancers
  11 deep elf archers
  8 orc sorcerers
  25 deep elf zephyrmancers
  2 orc knights (Orc:2)
  A tengu skeleton (Depths:3)
  6 ugly things
  An alligator zombie (Hell)
  3 shining eyes
  2 cyclopes
  2 will-o-the-wisps
  2 manticores (D:15)
  3 moths of wrath
  6 large abominations
  A meliai (shapeshifter) (D:13)
  9 salamanders
  3 rust devils (Hell)
  5 guardian serpents (Snake:4)
  2 elephants (Lair:5)
  11 naga magi
  9 vault sentinels
  23 black mambas
  An eye of devastation (Slime:5)
  4 smoke demons (Hell)
  An alligator snapping turtle zombie (Crypt:2)
  4 centaur zombies (D:11)
  Maggie (D:7)
  2 molten gargoyles (Hell)
  2 gargoyles
  2 hellions
  4 orange demons (Pan)
  5 cane toads
  A torpor snail (shapeshifter) (Vaults:2)
  11 yaktaurs
  2 unseen horrors (D:11)
  3 rime drakes
  7 komodo dragons
  A freezing wraith (Hell)
  A tengu conjurer (D:14)
  3 efreet
  A hydra zombie (Hell)
  8 hornets
  8 polar bears
  5 trolls
  5 raiju (Abyss:3)
  7 tyrant leeches
  3 dream sheep
  23 slime creatures
  Sigmund (D:4)
  A guardian serpent skeleton (Snake:4)
  3 vampires (D:11)
  3 air elementals
  3 shadows
  14 spriggans
  8 fire elementals
  2 water elementals
  A human (D:14)
  23 yaks
  A warg (Elf:3)
  4 wraiths
  A ynoxinul (Depths:2)
  3 wyverns
  6 basilisks
  A golden eye (Slime:5)
  8 vampire mosquitoes
  A hog (D:13)
  A steam dragon (D:8)
  A sea snake simulacrum (Snake:4)
  A neqoxec (Pan)
  A swamp worm (shapeshifter) (Vaults:5)
  5 swamp worms
  6 chaos spawn (Pan)
  26 nagas
  10 water moccasins
  5 hell hounds
  Edmund (D:4)
  A hydra simulacrum (Hell)
  6 swamp drakes
  A guardian serpent simulacrum (Snake:4)
  14 orc warriors
  2 sky beasts
  3 ice beasts
  8 ogres
  5 black bears
  2 boggarts
  8 laughing skulls
  28 wolves
  9 centaurs
  4 kobold brigands
  A brain worm (Abyss:3)
  2 earth elementals (Elf:2)
  A salamander zombie (Crypt:2)
  A small abomination (Abyss:3)
  10 bullfrogs
  A naga simulacrum (Snake:4)
  13 wights
  2 spectral nagas (Snake:4)
  4 killer bees (D:6)
  4 nameless horrors
  An electric eel (Lair:4)
  4 howler monkeys
  4 bombardier beetles
  A hound (D:5)
  8 jellies
  A gnoll bouda (D:6)
  8 orc priests
  2 iguanas
  26 orc wizards
  A naga skeleton (Snake:4)
  6 adders
  8 gnolls
  A shadow imp (D:6)
  A white imp (D:7)
  2 ribbon worms
  51 orcs
  7 ball pythons
  3 bats
  10 endoplasms
  3 giant cockroaches
  3 goblins
  3 hobgoblins
  4 jackals (D:4)
  3 frilled lizards
  18 kobolds
  2 rats (D:2)
  An aspiring flesh (Pan)
  3 fire vortices (Geh:3)
1250 creatures vanquished.

Vanquished Creatures (others)
  A curse toe (Zot:5)
  A Hell Sentinel (Dis:5)
  A hellephant (Pan)
  14 eldritch tentacles
  A storm dragon (Zot:1)
  A fire giant (Geh:7)
  An ironbound preserver (Vaults:5)
  A draconian annihilator (Zot:1)
  A juggernaut simulacrum (Coc:7)
  A dancing weapon (Elf:1)
  A deep elf knight (Elf:2)
  2 quicksilver dragon simulacra
  A phantasmal warrior (Vaults:5)
  An apocalypse crab (Zig:14)
  2 bloated husks
  A fire bat (Pan)
  A human (D:13)
  An orc wizard (Orc:2)
  94 hexers
  2 ancestors (D:4)
  2 ball lightnings (Pan)
  149 blazeheart cores
  A creeping inferno (Geh:3)
  3 fire vortices
  24 foxfires
  9 starspawn tentacles
  3 tentacles (Abyss:3)
320 creatures vanquished.

Grand Total: 4333 creatures vanquished

Notes
Turn   | Place    | Note
-------+----------+-------------------------------------------
     0 | D:1      | notthatgreg the Mountain Dwarf Summoner began the quest for
                  | the Orb.
     0 | D:1      | Reached XP level 1. HP: 14/14 MP: 3/3
   199 | D:1      | Reached XP level 2. HP: 20/20 MP: 1/4
   979 | D:2      | Found Tyecuq's Armour Boutique.
  1180 | D:2      | Reached XP level 3. HP: 26/26 MP: 3/5
  1466 | D:2      | Learned a level 2 spell: Call Imp
  1570 | D:2      | Found a hazy altar of Hepliaklqana.
  1742 | D:2      | Reached skill level 1 in Evocations
  1752 | D:2      | Reached XP level 4. HP: 33/33 MP: 1/6
  1986 | D:2      | Became a worshipper of Hepliaklqana the Forgotten
  2135 | D:3      | Found a shimmering blue altar of Sif Muna.
  2141 | D:3      | Found a bloodstained altar of Trog.
  2318 | D:3      | Learned a level 3 spell: Call Canine Familiar
  2657 | D:3      | Found a shadowy altar of Dithmenos.
  2740 | D:3      | Reached XP level 5. HP: 37/39 MP: 2/8
  2813 | D:3      | Noticed a black bear
  2824 | D:3      | Killed a black bear
  2825 | D:3      | Reached skill level 5 in Summonings
  3313 | D:4      | Reached XP level 6. HP: 40/51 MP: 1/9
  3410 | D:4      | Found a staircase to the Ecumenical Temple.
  3536 | D:4      | Reached * piety under Hepliaklqana
  3539 | D:4      | Found a broken altar of Ashenzari.
  3560 | D:4      | Found a white marble altar of Elyvilon.
  4085 | D:4      | Reached XP level 7. HP: 51/51 MP: 1/10
  4179 | D:4      | Noticed Edmund
  4199 | D:4      | Killed Edmund
  4208 | D:4      | Learned a level 4 spell: Summon Blazeheart Golem
  4241 | D:4      | Noticed Sigmund
  4246 | D:4      | Killed Sigmund
  4597 | D:5      | Entered Level 5 of the Dungeon
  4757 | D:5      | Reached ** piety under Hepliaklqana
  4760 | D:5      | Remembered your ancestor Sneaky as a hexer
  4934 | D:5      | Reached skill level 5 in Fire Magic
  4934 | D:5      | Reached XP level 8. HP: 56/56 MP: 6/12
  5013 | D:5      | Reached skill level 1 in Invocations
  5759 | D:6      | Reached skill level 5 in Invocations
  6176 | D:6      | Reached skill level 1 in Armour
  6377 | D:6      | Noticed a slime creature
  6418 | D:6      | Noticed a slime creature
  6558 | D:6      | Reached XP level 9. HP: 63/63 MP: 10/15
  6955 | D:6      | Killed a very large slime creature
  6956 | D:6      | Reached skill level 5 in Fighting
  7083 | D:7      | Reached skill level 5 in Armour
  7105 | D:7      | Noticed Maggie
  7119 | D:7      | Killed Maggie
  7183 | D:7      | Learned a level 4 spell: Summon Lightning Spire
  7328 | D:7      | Reached *** piety under Hepliaklqana
  7359 | D:7      | Reached skill level 1 in Air Magic
  7660 | D:7      | Noticed Maurice
  7669 | D:7      | Killed Maurice
  7903 | D:8      | Noticed a two-headed ogre
  7903 | D:8      | Noticed a two-headed ogre
  8059 | D:8      | Reached XP level 10. HP: 71/74 MP: 8/16
  8070 | D:8      | Killed a two-headed ogre
  8134 | D:8      | Killed a two-headed ogre
  8648 | D:8      | Found a staircase to the Lair.
  8959 | D:8      | Found Axixt's Book Boutique.
  9154 | D:8      | Bought a book of Beasts for 396 gold pieces
  9219 | D:9      | Found a blossoming altar of Fedhas.
  9397 | D:9      | Reached XP level 11. HP: 82/82 MP: 12/17
  9410 | D:9      | Learned a level 3 spell: Inner Flame
  9499 | D:9      | Found a hide-covered altar of Uskayaw.
  9499 | D:9      | Noticed a +0 hand axe
  9499 | D:9      | Noticed a +0 dagger
  9588 | D:9      | Found a glowing silver altar of Zin.
  9588 | D:9      | Found a shimmering altar of Xom.
  9588 | D:9      | Found an ornate altar of the Wu Jian Council.
  9595 | D:9      | Noticed a two-headed ogre
  9606 | D:9      | Killed a two-headed ogre
  9607 | D:9      | Reached skill level 5 in Spellcasting
  9752 | D:9      | Found a stormy altar of Qazlal.
 10091 | D:9      | Reached skill level 1 in Hexes
 10187 | D:9      | Identified the flux talisman of the Ecumenical Temple
                  | {Str+3}
 10446 | D:9      | Learned a level 5 spell: Summon Mana Viper
 10510 | D:9      | Found a staircase to the Orcish Mines.
 10600 | D:10     | Entered Level 10 of the Dungeon
 10819 | D:10     | Reached skill level 5 in Hexes
 10976 | D:10     | Reached **** piety under Hepliaklqana
 11488 | D:11     | Noticed a two-headed ogre
 11488 | D:11     | Noticed a two-headed ogre
 11498 | D:11     | Killed a two-headed ogre
 11502 | D:11     | Killed a two-headed ogre
 11584 | D:11     | Reached XP level 12. HP: 77/90 MP: 5/23
 11692 | D:11     | Found a flickering gateway to a bazaar.
 11806 | Bazaar   | Entered a bazaar
 11895 | Bazaar   | Found Xacaron's Magic Scroll Emporium.
 11895 | Bazaar   | Found Wifomim's Jewellery Shoppe.
 11917 | Bazaar   | Found Hakidin's Armour Emporium.
 11917 | Bazaar   | Found Wij Yqon's Book Shoppe.
 11937 | Bazaar   | Found Daysije's Book Shoppe.
 12016 | Bazaar   | Bought a scroll of blinking for 90 gold pieces
 12016 | Bazaar   | Bought a scroll of blinking for 90 gold pieces
 12016 | Bazaar   | Bought a scroll of revelation for 90 gold pieces
 12016 | Bazaar   | Bought a scroll of summoning for 114 gold pieces
 12016 | Bazaar   | Bought a scroll of identify for 24 gold pieces
 12016 | Bazaar   | Bought a scroll of blinking for 90 gold pieces
 12091 | D:11     | Reached ***** piety under Hepliaklqana
 12414 | Lair:1   | Entered Level 1 of the Lair of Beasts
 12500 | Lair:1   | Noticed Urug
 12525 | Lair:1   | Killed Urug
 12675 | Lair:1   | Reached skill level 10 in Fire Magic
 12852 | Lair:1   | Noticed Grum
 12858 | Lair:1   | Killed Grum
 13645 | Lair:2   | Noticed a death yak
 13650 | Lair:2   | Noticed a death yak
 13653 | Lair:2   | Noticed a death yak
 13656 | Lair:2   | Noticed a death yak
 13657 | Lair:2   | Killed a death yak
 13668 | Lair:2   | Killed a death yak
 13669 | Lair:2   | Reached skill level 10 in Invocations
 13674 | Lair:2   | Killed a death yak
 13674 | Lair:2   | Killed a death yak
 13675 | Lair:2   | Reached XP level 13. HP: 99/99 MP: 1/26
 14722 | Lair:2   | Found a staircase to the Swamp.
 15044 | Lair:3   | Reached skill level 5 in Dodging
 15383 | Lair:3   | Found a staircase to the Snake Pit.
 15775 | Lair:3   | Reached skill level 5 in Evocations
 16956 | Lair:4   | Reached XP level 14. HP: 106/106 MP: 19/27
 17434 | Lair:4   | Found a staircase to the Slime Pits.
 17783 | Lair:4   | Reached skill level 10 in Summonings
 17837 | Lair:5   | Entered Level 5 of the Lair of Beasts
 17846 | Lair:5   | Reached skill level 1 in Shields
 18654 | Lair:5   | Reached skill level 5 in Shields
 18815 | Lair:5   | Reached skill level 10 in Fighting
 18959 | Lair:5   | Identified the +2 robe of Youthful Indiscretion {Int+3
                  | Stlth+ Archmagi}
 19500 | Orc:1    | Entered Level 1 of the Orcish Mines
 19598 | Orc:2    | Entered Level 2 of the Orcish Mines
 19598 | Orc:2    | Found the +8 demon blade "Leech" {evervamp, Harm ^Drain
                  | rN+}
 19599 | Orc:2    | Found a dark tunnel.
 19603 | Orc:2    | Noticed Donald
 19614 | Orc:2    | Killed Donald
 19759 | Volcano  | Entered a volcano
 19784 | Volcano  | Found a large runed translucent door.
 19785 | Volcano  | Found a large runed translucent door.
 19834 | Volcano  | Found a large runed translucent door.
 19835 | Volcano  | Found a large runed translucent door.
 20460 | Orc:2    | Found a staircase to the Elven Halls.
 20747 | Orc:2    | Found Titoxtek's Antique Armour Emporium.
 20794 | Orc:2    | Found a radiant altar of Vehumet.
 20794 | Orc:2    | Noticed Erolcha
 20806 | Orc:2    | Killed Erolcha
 20837 | Orc:2    | Found Haaguel's Distillery.
 20861 | Orc:2    | Found an ancient bone altar of Kikubaaqudgha.
 20867 | Orc:2    | Reached skill level 1 in Long Blades
 20890 | Orc:2    | Found a roughly hewn altar of Beogh.
 20894 | Orc:2    | Reached XP level 15. HP: 111/116 MP: 15/28
 20896 | Orc:2    | Found Macuic's Book Shoppe.
 20918 | Orc:2    | Found Ceudgh's Antique Weapon Shoppe.
 20952 | Orc:2    | Bought a potion of heal wounds for 70 gold pieces
 20952 | Orc:2    | Bought 2 potions of curing for 84 gold pieces
 20952 | Orc:2    | Bought a potion of heal wounds for 70 gold pieces
 20975 | Orc:2    | Bought a bloodstained scale mail for 288 gold pieces
 20975 | Orc:2    | Identified the +1 scale mail of Eternity {Dex+3 SInv} (You
                  | bought it in a shop on level 2 of the Orcish Mines)
 21147 | Orc:1    | Noticed Nergalle
 21158 | Orc:1    | Killed Nergalle
 21769 | D:12     | Noticed Azrael
 21789 | D:12     | Killed Azrael
 21790 | D:12     | Reached skill level 5 in Long Blades
 22091 | D:11     | Learned a level 4 spell: Animate Armour
 22501 | D:13     | Noticed Kirke
 22506 | D:13     | Killed Kirke
 22607 | D:13     | Noticed Jorgrun
 22616 | D:13     | Killed Jorgrun
 23550 | D:14     | Identified a scroll of acquirement
 23561 | D:14     | Acquired 1196 gold pieces
 23740 | D:14     | Reached ****** piety under Hepliaklqana
 23829 | D:14     | Identified the +0 helmet of Saydwim {Regen+}
 23937 | D:14     | Reached skill level 10 in Long Blades
 24090 | D:14     | Found a gate to the Vaults.
 24210 | D:15     | Entered Level 15 of the Dungeon
 24588 | D:15     | Reached XP level 16. HP: 95/123 MP: 17/29
 24651 | D:15     | Found a staircase to the Depths.
 25006 | D:15     | Found a runed translucent door.
 25010 | D:15     | Noticed Ratippef's ghost (journeyman DEAE)
 25018 | D:15     | Identified the +8 spear of Certain Death {protect, Int+2}
 25467 | D:15     | Killed Ratippef's ghost
 25777 | Swamp:1  | Entered Level 1 of the Swamp
 26319 | Swamp:1  | You fall into a shaft and drop 1 floor!
 27392 | Swamp:3  | Noticed Louise
 27405 | Swamp:3  | Killed Louise
 27493 | Swamp:3  | Noticed a thorn hunter
 27508 | Swamp:3  | Killed a thorn hunter
 28014 | Swamp:4  | Entered Level 4 of the Swamp
 28014 | Swamp:4  | Noticed Mara
 28024 | Swamp:4  | Killed Mara
 28545 | Swamp:4  | Identified the +0 scale mail of the Final Defenders {Harm
                  | rPois rN+ Will+}
 29069 | Swamp:4  | Reached XP level 17. HP: 73/129 MP: 19/30
 29223 | Swamp:4  | Noticed the 27-headed Lernaean hydra
 29230 | Swamp:4  | Killed the 27-headed Lernaean hydra
 29252 | Swamp:4  | Reached skill level 10 in Armour
 29485 | Swamp:4  | Got a decaying rune of Zot
 29700 | Snake:1  | Entered Level 1 of the Snake Pit
 30044 | D:2      | Bought a +0 pair of boots for 63 gold pieces
 30049 | D:2      | Upgraded the game from 0.32-a0-841-g4648e6c457 to
                  | 0.32-a0-859-gb0a091d592
 30506 | Snake:1  | Identified the serpent talisman of Gidy {Str+3 Dex+3}
 30506 | Snake:1  | Noticed Aizul
 30517 | Snake:1  | Killed Aizul
 33031 | D:8      | Bought a Grand Grimoire for 374 gold pieces
 33039 | D:8      | Learned a level 7 spell: Malign Gateway
 33327 | Snake:3  | Reached skill level 1 in Translocations
 33642 | Snake:3  | Found a transporter.
 33645 | Snake:3  | Noticed lunkers's ghost (adept CoBe)
 33647 | Snake:3  | Found a bloodstained altar of Trog.
 33673 | Snake:3  | Found a transporter.
 34513 | Snake:3  | Noticed Nikola
 34533 | Snake:3  | Killed Nikola
 34659 | Snake:4  | Entered Level 4 of the Snake Pit
 35073 | Snake:4  | Reached skill level 15 in Summonings
 35488 | Snake:4  | Identified the +1 pair of boots "Leeco" {Int+2 Stlth+}
 35527 | Snake:4  | Reached XP level 18. HP: 122/135 MP: 17/31
 35736 | Snake:4  | Reached skill level 5 in Translocations
 36492 | Snake:4  | Got a serpentine rune of Zot
 36702 | Snake:4  | Reached skill level 10 in Spellcasting
 37288 | Elf:1    | Entered Level 1 of the Elven Halls
 37480 | Elf:1    | Learned a level 7 spell: Summon Hydra
 38825 | Elf:2    | Paralysed by an air elemental for 1 turns
 39237 | Elf:2    | Found a runed translucent gate.
 39237 | Elf:2    | Found a runed translucent gate.
 39247 | Elf:2    | Found a runed translucent gate.
 39709 | Vaults:1 | Entered Level 1 of the Vaults
 39722 | Vaults:1 | Reached skill level 1 in Earth Magic
 39755 | Vaults:1 | Found a flickering gateway to a bazaar.
 39762 | Bazaar   | Entered a bazaar
 39776 | Bazaar   | Found Wywotaiq's Weapon Shoppe.
 39776 | Bazaar   | Found Dake's Assorted Antiques.
 39797 | Bazaar   | Found Wuarutuk's Antique Armour Emporium.
 39818 | Bazaar   | Found Ragogref's Jewellery Shoppe.
 39818 | Bazaar   | Found Goeps's Assorted Antiques.
 39855 | Bazaar   | Bought a scroll of summoning for 171 gold pieces
 39855 | Bazaar   | Bought 2 potions of resistance for 360 gold pieces
 40312 | Vaults:1 | Reached XP level 19. HP: 114/146 MP: 7/34
 40445 | Vaults:1 | Learned a level 5 spell: Lee's Rapid Deconstruction
 40559 | Vaults:1 | Reached skill level 5 in Earth Magic
 41602 | Vaults:1 | Identified the +1 scimitar of Xytridgh {flame, *Slow rF+
                  | rCorr SInv}
 43425 | Elf:3    | Entered Level 3 of the Elven Halls
 43480 | Elf:3    | Found Toatauz's Antique Armour Shoppe.
 43507 | Elf:3    | Reached skill level 15 in Fire Magic
 43711 | Elf:3    | Paralysed by an air elemental for 1 turns
 43893 | Elf:3    | Paralysed by an air elemental for 1 turns
 44049 | Elf:3    | Noticed Saint Roka
 44072 | Elf:3    | Killed Saint Roka
 44642 | Elf:3    | Paralysed by an air elemental for 1 turns
 44648 | Elf:3    | Paralysed by an air elemental for 1 turns
 44651 | Elf:3    | Paralysed by an air elemental for 1 turns
 44660 | Elf:3    | Identified the +6 double sword "Ryitawac" {heavy, Str+2
                  | Int+2}
 44667 | Abyss:3  | Cast into level 3 of the Abyss (a deep elf sorcerer)
 44761 | Abyss:3  | Noticed a hellephant
 44766 | Abyss:3  | Reached XP level 20. HP: 147/153 MP: 4/35
 44943 | Abyss:3  | Found a corrupted altar of Lugonu.
 44955 | Abyss:3  | Found a corrupted altar of Lugonu.
 44955 | Abyss:3  | Found a corrupted altar of Lugonu.
 45070 | Elf:3    | Escaped the Abyss
 45230 | Elf:3    | Identified the +8 quarterstaff of the Crafting Moth {speed,
                  | rF+ Will+ Str+3}
 45450 | Elf:3    | Identified the +3 battleaxe "Death Rattle" {drain, rPois
                  | rN+ Str+2}
 45703 | Elf:3    | Identified the +1 dagger "notthatgreg's Bane" {flame,
                  | ^Contam rN+ Will++ Str+2}
 46047 | Elf:3    | Identified the +3 flail of Broken Luck {drain, rElec MP+9
                  | Int+2}
 46123 | Elf:3    | Identified the +2 pair of boots of Love and Death {Int+4
                  | SInv}
 46141 | Elf:3    | Identified the +5 sling "Gumidef" {freeze, rC+}
 46332 | Elf:3    | Identified the +5 orcbow "Ywoiwk" {freeze, Int+2 SInv}
 46379 | Elf:3    | Found the +6 arbalest "Damnation" {damnation}
 46881 | Vaults:2 | Reached skill level 15 in Long Blades
 47104 | Vaults:2 | Got the Collected Works on Conjuration
 47594 | Vaults:2 | Identified the +6 falchion of Ancient Evil {drain, Int+2
                  | Dex+3 SInv}
 48156 | Vaults:2 | Identified the +3 ring mail of Puquv {Str+7 Dex+3}
 48210 | Vaults:2 | Acquired the ring of the Castellan {rF+++ AC+4 Str+2 Int-2
                  | Dex+6}
 49199 | Vaults:3 | Reached XP level 21. HP: 151/160 MP: 25/36
 49232 | Vaults:3 | Learned a level 8 spell: Ignition
 50234 | Vaults:3 | Found a staircase to the Crypt.
 50467 | Vaults:3 | Identified the amulet "Siseben" {rPois rF++ RegenMP+ rCorr
                  | Int-2}
 50834 | Slime:1  | Entered Level 1 of the Pits of Slime
 52257 | Slime:4  | Found a viscous altar of Jiyva.
 52556 | Slime:5  | Entered Level 5 of the Pits of Slime
 53126 | Slime:5  | Reached XP level 22. HP: 166/166 MP: 34/38
 53406 | Slime:5  | Noticed the Royal Jelly
 53411 | Slime:5  | the Royal Jelly changed into a shard shrike shaped Royal
                  | Jelly
 53411 | Slime:5  | Noticed a shard shrike shaped Royal Jelly
 53488 | Slime:5  | Killed a shard shrike shaped Royal Jelly
 53728 | Slime:5  | Identified the ring "Sifava" {Wiz Str+5}
 53759 | Slime:5  | Got a slimy rune of Zot
 53771 | Slime:5  | Acquired the Encyclopedia of Generation
 53807 | Slime:5  | Identified the ring "Azath" {Fire Fly Dex+3}
 53822 | Slime:5  | Identified the +4 falchion of Xucexa Fera {freeze, Will-
                  | rCorr Str+3}
 53835 | Slime:5  | Identified the +8 shortbow of Tumult {heavy, rC+ Stlth+}
 54277 | Vaults:4 | Found Fookuumo's Assorted Antiques.
 54280 | Vaults:4 | Identified the +2 cloak of Ravioli {Dex+4}
 54290 | Vaults:4 | Reached skill level 10 in Dodging
 54342 | Vaults:4 | Bought a potion of haste for 440 gold pieces
 54342 | Vaults:4 | Bought a scroll labelled UDWOLLE JAMO for 44 gold pieces
 54449 | Vaults:4 | Found the +8 arc blade {discharge, rElec}
 54474 | Vaults:4 | Noticed Zenata
 54490 | Vaults:4 | Killed Zenata
 54569 | Vaults:4 | Found Uvviph's Weapon Boutique.
 54920 | Vaults:4 | Reached skill level 10 in Translocations
 55422 | Vaults:4 | Found the +3 warlock's mirror {omnireflect}
 55607 | Depths:1 | Entered Level 1 of the Depths
 55607 | Depths:1 | Found a gateway to Hell.
 55675 | Depths:1 | Noticed Asterion
 55695 | Depths:1 | Killed Asterion
 56011 | Depths:1 | Found a glowing silver altar of Zin.
 56584 | Depths:2 | Found a one-way gate leading to the halls of Pandemonium.
 56621 | Depths:2 | Reached XP level 23. HP: 162/172 MP: 30/39
 56719 | Depths:2 | Identified the +5 demon blade "Death Rattle" {venom, rF+
                  | Dex+2}
 57647 | Depths:3 | Found Edugg's Jewellery Shop.
 58002 | Depths:3 | Noticed an ancient lich
 58058 | Depths:3 | Killed an ancient lich
 58335 | Depths:3 | Found a one-way gate to the infinite horrors of the Abyss.
 58862 | Depths:4 | Entered Level 4 of the Depths
 58875 | Depths:3 | Reached skill level 15 in Fighting
 59181 | Depths:4 | Upgraded the game from 0.32-a0-859-gb0a091d592 to
                  | 0.32-a0-868-g153ae1a8d6
 59396 | Depths:4 | Found a gate to the Realm of Zot.
 59709 | Depths:4 | Found a one-way gateway to a ziggurat.
 59743 | Depths:4 | Found Inez's Serpentskin Sales.
 60172 | Vaults:5 | Entered Level 5 of the Vaults
 60174 | Vaults:5 | Reached XP level 24. HP: 190/190 MP: 35/39
 60538 | Vaults:5 | Identified the +1 pair of boots "Qazupt" {Rampage ^Drain
                  | rPois Will+}
 60714 | Vaults:5 | Learned a level 2 spell: Lesser Beckoning
 60748 | Vaults:5 | Noticed a dread lich
 60755 | Vaults:5 | Killed a dread lich
 60767 | Vaults:5 | Identified the +7 battleaxe of Lies {protect, ^Drain rCorr
                  | Str+3 Int+2}
 60933 | Vaults:5 | Identified the +0 arbalest of Butchery {elec, rF+ Dex+2}
 60972 | Vaults:5 | Identified the +0 pair of gloves "Ser Poergh" {Int+3}
 60981 | Vaults:5 | Identified the +7 spear of the Brewing Gods {freeze,
                  | Stlth+}
 61471 | Vaults:5 | Got a silver rune of Zot
 61895 | Zig:1    | Entered Level 1 of a ziggurat
 61912 | Zig:2    | Entered Level 2 of a ziggurat
 61913 | Zig:2    | Noticed Tuapsixem the pandemonium lord
 61935 | Zig:2    | Killed Tuapsixem the pandemonium lord
 61964 | Zig:3    | Entered Level 3 of a ziggurat
 62007 | Zig:4    | Entered Level 4 of a ziggurat
 62036 | Zig:5    | Entered Level 5 of a ziggurat
 62170 | Zig:6    | Entered Level 6 of a ziggurat
 62191 | Zig:6    | Got the Octavo of Star-crossed Leucosis
 62221 | Zig:6    | Identified the staff "Kepo Maa" {rPois rF+ Will+ Str+3
                  | Alchemy}
 62234 | Zig:7    | Entered Level 7 of a ziggurat
 62250 | Zig:7    | Identified the +6 triple sword "Beastbane" {venom, rN+}
 62290 | Zig:8    | Entered Level 8 of a ziggurat
 62301 | Zig:8    | Reached XP level 25. HP: 202/202 MP: 24/39
 62301 | Zig:8    | Noticed an ancient lich
 62308 | Zig:8    | Killed an ancient lich
 62317 | Zig:8    | Identified the +3 broad axe of Ilaanyl {freeze, rElec
                  | Dex+3}
 62340 | Zig:8    | Got the Handbook of Limned Sinister Magic
 62353 | Zig:8    | Learned a level 8 spell: Summon Horrible Things
 62354 | Zig:9    | Entered Level 9 of a ziggurat
 62435 | Zig:9    | Found the +0 mask of the Dragon {Will+ Slay+3 SInv}
 62440 | Zig:9    | Identified the +1 chain mail of Free Will {Dex+4}
 62446 | Zig:9    | Identified the ring of the Swan {Int+2 Dex+6}
 62450 | Zig:9    | Identified the ring "Weplycoe" {rElec rPois rN+ Str+2}
 62455 | Zig:9    | Identified the +7 great mace "Guotein" {spect, Fly rF- rN++
                  | Str+3}
 62473 | Zig:10   | Entered Level 10 of a ziggurat
 62487 | Zig:10   | Reached skill level 27 in Fire Magic
 62555 | Zig:10   | Identified the ring "Jeadob" {Fly rCorr}
 62573 | Zig:10   | Reached XP level 26. HP: 210/210 MP: 39/39
 62582 | Zig:11   | Entered Level 11 of a ziggurat
 62609 | Zig:11   | Identified the staff of the Winnowing King {+Blink rElec
                  | rC+ Int-5 Fire Ice}
 62663 | Zig:11   | Identified the ring of Day {rElec rN+ Will+ Str+8 Int-2}
 62685 | Zig:12   | Entered Level 12 of a ziggurat
 62706 | Zig:12   | Noticed an ancient lich
 62709 | Zig:12   | Killed an ancient lich
 62746 | Zig:12   | Identified the staff of Certain Death {rC++ rN+ Necro}
 62749 | Zig:12   | Identified the +6 trident "Ydoyb" {protect, Str+4}
 62757 | Zig:12   | Identified the +8 arbalest of Grace {antimagic, Will+
                  | Dex+3}
 62778 | Zig:13   | Entered Level 13 of a ziggurat
 62846 | Zig:13   | Identified the +0 robe of the Game Afoot {rElec rPois
                  | Str+3}
 62853 | Zig:13   | Identified the staff "Uvusu" {rN+ Earth Alchemy}
 62856 | Zig:13   | Identified the ring of Summer {rPois rN+ SInv}
 63077 | Zig:14   | Entered Level 14 of a ziggurat
 63093 | Zig:14   | Noticed Ibutukk the pandemonium lord
 63094 | Zig:14   | Noticed Ymnytud the pandemonium lord
 63094 | Zig:14   | Noticed Jegrupse the pandemonium lord
 63094 | Zig:14   | Noticed Zautur the pandemonium lord
 63095 | Zig:14   | Noticed Cumiqey the pandemonium lord
 63098 | Zig:14   | Killed Ymnytud the pandemonium lord
 63098 | Zig:14   | Noticed Feosil the pandemonium lord
 63099 | Zig:14   | Killed Zautur the pandemonium lord
 63103 | Zig:14   | Killed Cumiqey the pandemonium lord
 63108 | Zig:14   | Killed Ibutukk the pandemonium lord
 63133 | Zig:14   | Killed Feosil the pandemonium lord
 63407 | Crypt:1  | Entered Level 1 of the Crypt
 63744 | Zot:1    | Entered Level 1 of the Realm of Zot
 63766 | Zot:1    | Found the +4 dragonskin cloak {Aegis}
 63766 | Zot:1    | Noticed Tiamat
 63800 | Zot:1    | Killed Tiamat
 64007 | Zot:1    | Reached XP level 27. HP: 218/218 MP: 17/39
 64345 | Temple   | Found a transporter.
 64345 | Temple   | Found a transporter.
 64345 | Temple   | Found a transporter.
 64345 | Temple   | Found a transporter.
 64345 | Temple   | Entered the Ecumenical Temple
 64363 | Temple   | Fell from the grace of Hepliaklqana
 64363 | Temple   | Became a worshipper of the Shining One
 64864 | Crypt:1  | Reached * piety under the Shining One
 64892 | Crypt:1  | Reached ** piety under the Shining One
 65201 | Crypt:1  | Reached *** piety under the Shining One
 65375 | Crypt:1  | Reached **** piety under the Shining One
 65764 | Crypt:2  | Reached ***** piety under the Shining One
 65884 | Crypt:2  | Noticed Bai Suzhen
 65892 | Crypt:2  | Killed Bai Suzhen
 66254 | Crypt:3  | Entered Level 3 of the Crypt
 66268 | Crypt:3  | Learned a level 7 spell: Monstrous Menagerie
 66381 | Crypt:3  | Reached ****** piety under the Shining One
 66529 | Crypt:3  | Found a basalt altar of Yredelemnul.
 66960 | Crypt:3  | Noticed Khufu
 66971 | Crypt:3  | Killed Khufu
 67092 | Crypt:3  | Found a staircase to the Tomb.
 67121 | Crypt:3  | Identified the +6 chain mail of Majestic Curiosity {Fly
                  | rC+}
 67210 | Crypt:3  | Found the Charlatan's Orb {orb Evoboost}
 67884 | Zot:1    | Noticed Vv
 67905 | Zot:1    | Killed Vv
 70357 | Zot:3    | You fall into a shaft and drop 1 floor!
 71060 | Zot:4    | Noticed Parghit
 71063 | Zot:4    | Parghit changed into Parghit the titan
 71063 | Zot:4    | Noticed Parghit
 71067 | Zot:4    | Killed Parghit the titan
 71858 | Zot:5    | Entered Level 5 of the Realm of Zot
 72326 | Zot:5    | Noticed an orb of fire
 72337 | Zot:5    | Killed an orb of fire
 72552 | Zot:5    | Noticed an orb of fire
 72565 | Zot:5    | Killed an orb of fire
 72604 | Zot:5    | Noticed an ancient lich
 72628 | Zot:5    | Noticed a dread lich
 72630 | Zot:5    | Noticed an orb of fire
 72631 | Zot:5    | Killed an ancient lich
 72664 | Zot:5    | Gained mutation: Your health recovers twice as slowly from
                  | being drained. [an orb of fire]
 72667 | Zot:5    | Killed an orb of fire
 72675 | Zot:5    | Killed a dread lich
 72990 | Zot:5    | Was forgiven by Hepliaklqana
 73041 | Zot:5    | Noticed an orb of fire
 73059 | Zot:5    | Killed an orb of fire
 73092 | Zot:5    | Noticed an orb of fire
 73107 | Zot:5    | Killed an orb of fire
 73115 | Zot:5    | Noticed an orb of fire
 73136 | Zot:5    | Killed an orb of fire
 73332 | Zot:5    | Reached skill level 15 in Invocations
 73804 | Hell     | Entered the Vestibule of Hell
 73804 | Hell     | Noticed Geryon
 73813 | Hell     | Killed Geryon
 74110 | Hell     | Found a gateway to the ashen valley of Gehenna.
 74219 | Hell     | Found a gateway to the freezing wastes of Cocytus.
 74277 | Hell     | Found a gateway to the decaying netherworld of Tartarus.
 74369 | Hell     | Found a gateway to the Iron City of Dis.
 74574 | Pan      | Entered the realm of Mnoleg.
 74574 | Pan      | Entered Pandemonium
 74830 | Pan      | Noticed Mnoleg
 74848 | Pan      | Killed Mnoleg
 74884 | Pan      | Got a glowing rune of Zot
 75169 | Pan      | Noticed Gufyghut the pandemonium lord
 75194 | Pan      | Killed Gufyghut the pandemonium lord
 75237 | Pan      | Got a demonic rune of Zot
 75745 | Pan      | Entered the realm of Gloorx Vloq.
 75791 | Pan      | Identified the +5 arbalest of Canih {penet, rElec Will-
                  | Stlth+}
 75796 | Pan      | Found an exit through the horrors of the Abyss.
 75942 | Pan      | Noticed Gloorx Vloq
 75951 | Pan      | Killed Gloorx Vloq
 76119 | Pan      | Got a dark rune of Zot
 76297 | Pan      | Identified a +2 trishula of holy wrath (a +0 demon trident
                  | blessed by the Shining One)
 76297 | Pan      | Received a gift from the Shining One
 76419 | Pan      | Identified the +3 dire flail of the Fray {freeze, rElec rF+
                  | Dex-4 Stlth+}
 76563 | Pan      | Found an exit through the horrors of the Abyss.
 76635 | Pan      | Reached skill level 27 in Invocations
 76654 | Pan      | Reached skill level 1 in Polearms
 76922 | Pan      | Found a transporter.
 76973 | Pan      | Found a transporter.
 76992 | Pan      | Reached skill level 5 in Polearms
 77081 | Pan      | Identified the ring "Oqoidi" {rF+ AC+4 Str-2 Dex+4 SInv}
 77097 | Pan      | Identified the ring of Ascent {Str-4 Dex+6 SInv Stlth+}
 77105 | Pan      | Upgraded the game from 0.32-a0-868-g153ae1a8d6 to
                  | 0.32-a0-871-ge202e49faa
 77213 | Pan      | Noticed Geme the pandemonium lord
 77219 | Pan      | Killed Geme the pandemonium lord
 77232 | Depths:2 | Escaped Pandemonium
 78033 | Pan      | Entered Pandemonium
 78052 | Pan      | Identified the +1 scale mail of Mysticism {Int+3 Slay+2}
 78079 | Depths:2 | Escaped Pandemonium
 78094 | Pan      | Entered Pandemonium
 78099 | Pan      | Noticed Loqaacyr the pandemonium lord
 78103 | Pan      | Killed Loqaacyr the pandemonium lord
 78115 | Pan      | Reached skill level 10 in Polearms
 78280 | Pan      | Noticed Ecoeph the pandemonium lord
 78289 | Pan      | Killed Ecoeph the pandemonium lord
 78725 | Pan      | Noticed Utuphu Lydda the pandemonium lord
 78777 | Pan      | Killed Utuphu Lydda the pandemonium lord
 78791 | Pan      | Identified the staff "Wyhiemod" {rPois Int+4 Alchemy}
 78832 | Pan      | Identified the +1 leather armour "Feashoih" {rElec rCorr
                  | Int+3 Dex-5}
 78844 | Pan      | Entered the realm of Cerebov.
 78865 | Pan      | Identified the +9 battleaxe "Dwarf's Peril" {flame, rF++
                  | Str+5 Int-3}
 78985 | Pan      | Found the +6 sword of Cerebov {flame}
 78985 | Pan      | Noticed Cerebov
 78989 | Pan      | Identified the +0 tower shield of a Gauntlet {Fly Int+5
                  | SInv Stlth-}
 79013 | Pan      | Killed Cerebov
 79047 | Pan      | Got a fiery rune of Zot
 79083 | Pan      | Identified the +4 broad axe of Sunlight {freeze, *Noise
                  | Str+4 Int+8}
 79083 | Pan      | Identified the ring "Jawnenut" {+Blink MP+9 SInv Stlth+}
 79113 | Pan      | Learned a level 9 spell: Fire Storm
 79188 | Pan      | Reached skill level 1 in Conjurations
 79206 | Pan      | Reached skill level 10 in Earth Magic
 79243 | Pan      | Upgraded the game from 0.32-a0-871-ge202e49faa to
                  | 0.32-a0-872-g59262bdc9b
 79318 | Pan      | Reached skill level 15 in Dodging
 79329 | Pan      | Identified the +2 leather armour "Ewkaply" {Will+ Regen+}
 79627 | Pan      | Found an exit through the horrors of the Abyss.
 79673 | Pan      | Entered the realm of Lom Lobon.
 79736 | Pan      | Noticed Lom Lobon
 79759 | Pan      | Killed Lom Lobon
 79795 | Pan      | Got a magical rune of Zot
 79982 | Pan      | Reached skill level 15 in Armour
 80100 | Pan      | Found an exit through the horrors of the Abyss.
 80121 | Pan      | Took an exit into the Abyss.
 80121 | Abyss:3  | Escaped into the Abyss
 80155 | Abyss:3  | Found a corrupted altar of Lugonu.
 80155 | Abyss:3  | Found a corrupted altar of Lugonu.
 80155 | Abyss:3  | Found a corrupted altar of Lugonu.
 80715 | Abyss:3  | Got an abyssal rune of Zot
 80788 | Depths:2 | Escaped the Abyss
 80844 | Geh:1    | Entered Level 1 of Gehenna
 82325 | Geh:5    | Found a basalt altar of Yredelemnul.
 82548 | Geh:6    | Noticed a dread lich
 82558 | Geh:6    | Killed a dread lich
 82839 | Geh:7    | Entered Level 7 of Gehenna
 83914 | Geh:7    | Identified the staff of the Keeping Gods {rElec rF+ Air}
 84350 | Geh:7    | Found the +13 sceptre of Asmodeus
 84350 | Geh:7    | Noticed Asmodeus
 84383 | Geh:7    | Killed Asmodeus
 84472 | Geh:7    | Got an obsidian rune of Zot
 85117 | Coc:1    | Entered Level 1 of Cocytus
 85912 | Coc:3    | You fall into a shaft and drop 2 floors!
 86024 | Coc:5    | Paralysed by a wendigo for 1 turns
 86626 | Coc:7    | Entered Level 7 of Cocytus
 86646 | Coc:7    | Paralysed by a wendigo for 1 turns
 87102 | Coc:7    | Identified the +11 spear of Sharing Terror {vamp, rC+++
                  | MP-9 Str+5}
 87102 | Coc:7    | Noticed Antaeus
 87130 | Coc:7    | Killed Antaeus
 87155 | Coc:7    | Got an icy rune of Zot
 87452 | Coc:7    | Reached skill level 10 in Shields
 88938 | Dis:1    | Entered Level 1 of the Iron City of Dis
 89449 | Dis:3    | Lost mutation: Your health recovers twice as slowly from
                  | being drained. [potion of mutation]
 89449 | Dis:3    | Gained mutation: You have sharp toenails. [potion of
                  | mutation]
 89668 | Dis:3    | Reached skill level 27 in Fighting
 89671 | Dis:3    | Reached skill level 15 in Shields
 91088 | Dis:5    | Reached skill level 15 in Earth Magic
 91402 | Zot:5    | Got the Orb of Zot
 91486 | Zot:4    | Noticed Ippenobi the pandemonium lord
 91566 | Zot:1    | Noticed Noplola the pandemonium lord
 91587 | Zot:1    | Killed Noplola the pandemonium lord
 91811 | D:10     | Noticed Tesm the pandemonium lord
 91815 | D:10     | Killed Tesm the pandemonium lord
 92125 | D:$      | Escaped with the Orb!

Illustrated notes

Levels and vault maps discovered:
D:1:      dpeg_arrival_oval, layout_loops_ring, serial_bayou_lake_a
D:2:      layout_basic, serial_shops, shop, basic_altar
D:3:      kennysheep_six_static_rooms, layout_rooms,
          hellmonk_overflow_destroyed_library, grunt_dithmenos_smoke,
          serial_curves, eino_curves_01, eino_curves_04, grunt_ministairs_9,
          kennysheep_potato
D:4:      layout_basic, mainiacjoe_overflow_catwalk_spiral,
          minmay_temple_entry_wispy, sigmund_edmund_badplayer
D:5:      layout_gridville, minmay_misc_feat_room,
          nicolae_elevator_lobby_asterisk
D:6:      cheibrodos_fertilizer, layout_basic, st_stairs_13
D:7:      layout_layer_cave, hangedman_abyss_or_decor_stagger, uniq_maurice,
          uniq_maggie
D:8:      minmay_s_stair_smasher, layout_basic, dpeg_oklobed_lair, serial_shops,
          shop, grunt_decor_resistance
D:9:      layout_roguey, gammafunk_temple_overflow_claw, fedhas_ov_isle_minmay,
          mainiacjoe_overflow_surrounded_room, dancing_weapons_uskayaw,
          david_orc_4, serial_rivers, chequers_serial_rivers_micro_d,
          chequers_serial_rivers_small_a, chequers_serial_rivers_micro_e,
          chequers_serial_rivers_micro_c, chequers_serial_rivers_small_3,
          chequers_serial_rivers_micro_b
D:10:     minmay_stone_box, layout_irregular_city, corexii_leaking_fountain,
          minmay_strange_pillars
D:11:     layout_gridville, serial_undead, serial_undead_b, serial_undead_a,
          serial_undead_f, serial_undead_c, serial_shops, bzr_entry_dummy,
          small_statue_intersection
D:12:     layout_cave_pools, hangedman_aviary, uniq_azrael
D:13:     layout_cave_pools, uniq_jorgrun, uniq_kirke
D:14:     layout_long_grid, grunt_vaults_entry_fortified
D:15:     hangedman_depths_entry_try_elsewhere_first, layout_irregular_city,
          ebering_ghost_funeral_grove, nicolae_sextant
Temple:   hellmonk_temple_divided_pantheon
Lair:1:   layout_cellular_growth, infiniplex_staircase_pool, uniq_urug,
          uniq_grum
Lair:2:   layout_regular_city, minmay_swamp_entry_worms,
          chequers_serial_rivers_micro_a, serial_bayou_pond_d,
          beast_lair_carwin_9
Lair:3:   nzn_winding_woodlands_medium [nzn_winding_woodlands_5x5_default,
          nzn_winding_woodlands_5x15_twine,
          nzn_winding_woodlands_5x5_checkerboard,
          nzn_winding_woodlands_5x5_closed_star,
          nzn_winding_woodlands_center_triple_pond,
          nzn_winding_woodlands_hourglass, nzn_winding_woodlands_5x5_perimeter,
          nzn_winding_woodlands_5x15_crooked,
          nzn_winding_woodlands_5x5_open_star], layout_loops_ring,
          alex1729_snake_entry_snake, lemuel_fruit_tree
Lair:4:   cheibrodos_lair_river_kwai, layout_hall_layers, slime_entry_2,
          nicolae_quartered_pool_super, chequers_serial_rivers_marsh
Lair:5:   minmay_lair_end_enchanted_forest, layout_cave_shapes
Swamp:1:  layout_basic_swamp, hangedman_swamp_ruin_hall,
          infiniplex_staircase_pool_2
Swamp:2:  layout_basic_swamp, evilmike_swamp_ruin_wall, swamp_pool_1_2,
          nicolae_swamp_decorative_isthmus
Swamp:3:  layout_basic_swamp, hangedman_swamp_ruin_wall, swamp_pool_1_2,
          uniq_louise
Swamp:4:  swamp_old_school, layout_basic_swamp, uniq_mara
Snake:1:  layout_honeycomb, uniq_aizul
Snake:2:  layout_chambers
Snake:3:  layout_basic, gammafunk_ghost_wrathful_warriors, uniq_nikola
Snake:4:  grunt_snake_rune_spirals, layout_onion,
          nicolae_snake_the_dead_are_slithering
Slime:1:  layout_caves
Slime:2:  layout_caves
Slime:3:  layout_caves
Slime:4:  layout_caves, basic_altar
Slime:5:  slime_pit_nicolae_royal_road_to_ruin
Orc:1:    layout_caves, nicolae_orc_damp_corner, uniq_nergalle
Orc:2:    kennysheep_orc_mage_school, layout_caves, enter_volcano_2,
          special_room, dreamdust_deal_with_the_devil, uniq_donald
Elf:1:    nicolae_elf_arrival_fired_up, layout_loops_cross,
          hangedman_elf_disciples
Elf:2:    elven_hall_of_blades_hangedman_original
          [nicolae_blade_entry_pointy_end], layout_rooms,
          serial_sigils_hangedman_shear, hangedman_elf_power_crystal,
          minivault_11, nrook_uturn
Elf:3:    nooodl_elf_gasket, layout_onion_city, serial_shops, shop,
          uniq_saint_roka
Vaults:1: hangedman_vaults_stitches, hangedman_vaults_pinch,
          nicolae_vaults_octothorpe, nicolae_vaults_turnstiles,
          grunt_vaults_twisty, hangedman_vaults_stagger, vaults_room_fours,
          grunt_vaults_hallway_short, nicolae_vaults_little_squares_2,
          nicolae_vaults_statue_guard, layout_vaults_big_room, serial_shops,
          bzr_entry_water
Vaults:2: v_misc_4, hangedman_vaults_nails, nicolae_vaults_house_1,
          ontoclasm_vaults_eye, st_greater_box_1, v_misc_13, v_rooms_1,
          v_alt_pattern_1, hangedman_vaults_corner_blocks,
          nicolae_vaults_alarming, layout_vaults_omnigrid
Vaults:3: nicolae_vaults_mitosis, nicolae_vaults_spaceships, st_diamondy,
          nicolae_vaults_triangles, nicolae_vaults_weapon_check,
          nicolae_vaults_heist, v_misc_27, minmay_crypt_entry_simple_sparse,
          v_misc_17, nicolae_vaults_variable_pillar_hall, vaults_room_pools,
          nicolae_vaults_trapezoid_lopsided_3, layout_vaults_big_cross
Vaults:4: nicolae_vaults_bisected_exclaves, nicolae_vaults_layer_cake_slice,
          nicolae_vaults_little_squares_6, nicolae_vaults_little_squares_4,
          v_misc_13, st_quartered_hall, v_alt_pattern_2,
          nicolae_vaults_taking_the_gang_shopping, vaults_dpeg_ring, v_misc_25,
          nicolae_vaults_little_squares_5, vaults_room_pools,
          hangedman_vaults_unwind, ontoclasm_vaults_shuriken,
          layout_vaults_omnibox, serial_shops, nicolae_shop_crystal, uniq_zenata
Vaults:5: uniq_margery
Crypt:1:  hangedman_staggered_hall, layout_basic,
          amcnicky_mini_corridor_feature, minmay_misc_feat_cross, st_stairs_3,
          serial_library_hellmonk_secret_room, grunt_crypt_arrival_webbed
Crypt:2:  dreamdust_cat_pyramid, layout_gridlike, nicolae_crypt_statuary_hall,
          uniq_bai_suzhen
Crypt:3:  grunt_crypt_end_deaths_head
Depths:1: layout_cave_pools, minmay_misc_feat_more_columns, hell_entry,
          minmay_misc_feat_tiny, mumra_transporter_accident,
          minmay_misc_feat_four_crosses, hangedman_decor_points,
          minmay_fountain_box, zin_angel, uniq_asterion
Depths:2: dreamdust_tengu_aerie, layout_long_grid, rand_demon_pan_entry_8,
          hell_entry, hangedman_decor_slide_cut, infiniplex_staircase_spiral,
          grunt_megastairs_3
Depths:3: minmay_curly_fans, layout_gridville, dk_noncrumbling_3,
          grunt_mini_vestibule, special_room [special_room_morgue],
          hangedman_abyss_entry_splay, firewood_loft, minmay_shop_star
Depths:4: evilmike_zot_entry_diamond, layout_cave_pools, enter_ziggurat_b,
          grunt_hell_entry_dis_mu, guppyfry_shop_venom
Hell
Dis:1:    layout_subdivisions, minmay_strange_pillars
Dis:2:    layout_subdivisions
Dis:3:    grunt_dis_stairs_iron_hall
Dis:4:    layout_subdivisions, lemuel_dis_dragons
Dis:5:    nicolae_hells_demon_pit, layout_gridville,
          nicolae_dis_step_into_the_octagon
Dis:6:    nicolae_dis_pentagon_2, layout_gridville,
          nicolae_hells_seeping_fissure
Geh:1:    nicolae_geh_tyrants_menagerie, layout_gehenna_pools_basic
Geh:2:    layout_gehenna_pools_triple
Geh:3:    layout_gehenna_pools_basic
Geh:4:    layout_gehenna_pools_box, nicolae_hells_seeping_fissure
Geh:5:    layout_gehenna_pools_basic, lemuel_hellish_altar
Geh:6:    layout_gehenna_lava_caves
Geh:7:    evilmike_geh
Coc:1:    layout_ice_bergs
Coc:2:    nicolae_coc_on_the_berg
Coc:3:    layout_cocytus_water_paths
Coc:5:    layout_ice_bergs
Coc:6:    nicolae_coc_three_mouths, layout_ice_bergs
Coc:7:    coc_mu
Zot:1:    layout_basic, regret_index_zotdec_tunneler, uniq_vv, uniq_tiamat
Zot:2:    layout_gridlike, grunt_megastairs_4
Zot:3:    layout_misc_corridors, regret_index_zotdec_golden_two_three
Zot:4:    layout_gridlike, skrybe_zot_glass_1,
          regret_index_zotdec_twisting_globes, uniq_parghit
Zot:5:    layout_misc_corridors

Skill      XL: |  1  2  3  4  5  6  7  8  9 10 11 12 13 14 15 16 17 18 19 20 21 22 23 24 25 26 27 |
---------------+----------------------------------------------------------------------------------+-----
Stealth        | 2 3 4 |  4.1
Evocations     | 2 3 7 9 |  9.0
Spellcasting   | 2 3 4 7 9 11 12 | 12.0
Fighting       | 3 6 7 9 11 13 16 18 19 27 | 27.0
Summonings     | 5 6 7 9 11 12 15 17 18 19 21 | 21.5
Fire Magic     | 5 6 8 10 11 13 17 19 21 25 26 27 | 27.0
Invocations    | 8 10 11 27 | 27.0
Armour         | 2 6 7 9 11 12 13 14 23 | 23.0
Air Magic      | 2 3 4 |  4.0
Hexes          | 6 |  6.0
Dodging        | 5 8 11 13 15 | 15.5
Shields        | 5 9 16 | 16.0
Long Blades    | 1 11 14 16 | 16.0
Translocations | 4 6 9 10 11 | 11.0
Earth Magic    | 4 9 17 | 17.4
Polearms       | 14 | 14.0
Conjurations   | 2 |  2.1

Action                     |  1- 3 |  4- 6 |  7- 9 | 10-12 | 13-15 | 16-18 | 19-21 | 22-24 | 25-27 || total
---------------------------+-------+-------+-------+-------+-------+-------+-------+-------+-------++-------
  Melee: Hand axe          |    32 |    43 |     7 |       |       |       |       |       |       ||    82
         Dagger            |       |       |    57 |    15 |       |       |       |       |       ||    72
         Staff             |       |       |       |    39 |   107 |    86 |    18 |       |       ||   250
         Demon blade       |       |       |       |       |    76 |   211 |       |       |       ||   287
         Quick blade       |       |       |       |       |       |       |   257 |       |       ||   257
         Double sword      |       |       |       |       |       |       |   199 |   364 |  1644 ||  2207
         Unarmed           |       |       |       |       |       |       |     4 |       |       ||     4
         Rapier            |       |       |       |       |       |       |       |    61 |       ||    61
         Trishula          |       |       |       |       |       |       |       |       |  1506 ||  1506
   Fire: Sling             |    18 |       |       |       |       |       |       |       |       ||    18
         Shortbow          |       |       |       |    12 |       |       |       |       |       ||    12
  Throw: Dart              |       |       |     1 |       |    14 |       |       |       |       ||    15
   Cast: Summon Small Mamm |    45 |    22 |     2 |       |     1 |       |       |       |       ||    70
         Call Imp          |     3 |    21 |    13 |     2 |       |       |       |       |       ||    39
         Call Canine Famil |       |    10 |    22 |    15 |     8 |     3 |       |       |       ||    58
         Summon Blazeheart |       |       |    17 |    41 |    71 |    79 |    17 |     1 |       ||   226
         Summon Lightning  |       |       |       |    17 |    37 |    33 |     8 |       |       ||    95
         Inner Flame       |       |       |       |    21 |    75 |   137 |    47 |       |       ||   280
         Summon Mana Viper |       |       |       |    11 |    61 |    88 |    89 |    21 |    26 ||   296
         Animate Armour    |       |       |       |       |     8 |    25 |     8 |     1 |    46 ||    88
         Summon Hydra      |       |       |       |       |       |    10 |    23 |    19 |    24 ||    76
         Lee's Rapid Decon |       |       |       |       |       |       |    90 |    56 |   221 ||   367
         Ignition          |       |       |       |       |       |       |    56 |   138 |   388 ||   582
         Malign Gateway    |       |       |       |       |       |       |       |     8 |     6 ||    14
         Summon Horrible T |       |       |       |       |       |       |       |       |     2 ||     2
         Lesser Beckoning  |       |       |       |       |       |       |       |       |    46 ||    46
         Monstrous Menager |       |       |       |       |       |       |       |       |    22 ||    22
 Invoke: Ancestor Identity |       |     1 |       |       |       |       |       |       |       ||     1
         Ancestor Life: He |       |       |     1 |       |       |       |       |       |       ||     1
         Transference      |       |       |       |     2 |     8 |     7 |     3 |     3 |       ||    23
         Recall Ancestor   |       |       |       |     2 |     7 |    10 |     6 |     1 |     2 ||    28
         Idealise          |       |       |       |     1 |     2 |    11 |     5 |     6 |       ||    25
         Cleansing Flame   |       |       |       |       |       |       |       |       |   272 ||   272
         Summon Divine War |       |       |       |       |       |       |       |       |    34 ||    34
         Divine Shield     |       |       |       |       |       |       |       |       |    19 ||    19
         Brand Weapon With |       |       |       |       |       |       |       |       |     1 ||     1
  Evoke: Wand              |     1 |     2 |     4 |    11 |    23 |    72 |     5 |    15 |    39 ||   172
         Phantom mirror    |       |       |       |       |     1 |     1 |       |       |       ||     2
         Condenser vane    |       |       |       |       |     1 |     1 |       |     1 |     1 ||     4
         Lightning rod     |       |       |       |       |       |       |       |     6 |     7 ||    13
         Phial of floods   |       |       |       |       |       |       |       |     1 |       ||     1
         Box of beasts     |       |       |       |       |       |       |       |       |     2 ||     2
    Use: Scroll            |       |     5 |     2 |     6 |    17 |    11 |    21 |    12 |    56 ||   130
         Potion            |       |       |       |     1 |       |     1 |     6 |     9 |    39 ||    56
   Stab: Sleeping          |       |     1 |     1 |       |       |       |       |       |       ||     2
         Distracted        |       |     1 |     2 |     1 |     2 |     6 |     8 |    14 |     1 ||    35
         Confused          |       |       |     1 |     1 |     1 |     4 |    23 |    27 |     5 ||    62
         Paralysed         |       |       |       |       |     6 |    23 |    27 |    50 |     6 ||   112
         Petrified         |       |       |       |       |       |       |     3 |       |       ||     3
 Armour: Robe              |    17 |       |       |       |       |       |       |       |       ||    17
         Leather armour    |    21 |    20 |       |       |       |       |       |       |       ||    41
         Ring mail         |       |    46 |    59 |       |       |       |       |       |       ||   105
         Steam dragon scal |       |       |    18 |   205 |   179 |       |       |       |       ||   402
         Fire dragon scale |       |       |       |       |   217 |   637 |   255 |       |       ||  1109
         Ice dragon scales |       |       |       |       |       |       |   130 |   490 |   132 ||   752
         Skin              |       |       |       |       |       |       |     1 |       |       ||     1
         Gold dragon scale |       |       |       |       |       |       |       |       |  3299 ||  3299
  Dodge: Dodged            |    29 |    36 |    37 |    74 |   185 |   202 |   117 |   213 |  1094 ||  1987
  Block: Other             |    11 |    15 |       |       |       |       |       |       |       ||    26
         Reflection        |     2 |       |       |       |       |       |       |    42 |   211 ||   255
         Buckler           |       |       |       |       |    95 |   150 |   103 |   194 |  1657 ||  2199

Table legend: (Time is in decaauts)
 A = Elapsed time spent in this place.
 B = Non-inter-level travel time spent in this place.
 C = Inter-level travel time spent in this place.
 D = Time resting spent in this place.
 E = Time spent auto-exploring this place.
 F = Levels seen in this place.
 G = Mean time per level.
                   A        B        C        D        E       F      G
               +--------+--------+--------+--------+--------+-----+--------+
         Total |  92319 |  81602 |  10717 |   8873 |  40001 | 111 |  831.7 |
       Dungeon |  19394 |  15430 |   3964 |    578 |   9967 |  15 | 1292.9 |
        Temple |     36 |     18 |     18 |      0 |      0 |   1 |   36.0 |
          Lair |   7789 |   6704 |   1085 |    592 |   4282 |   5 | 1557.8 |
         Swamp |   4089 |   3874 |    215 |    326 |   2340 |   4 | 1022.2 |
     Snake Pit |   6618 |   6168 |    450 |   1248 |   3300 |   4 | 1654.5 |
    Slime Pits |   3141 |   2912 |    229 |    411 |   1231 |   5 |  628.2 |
  Orcish Mines |   2134 |   1849 |    285 |    148 |    989 |   2 | 1067.0 |
   Elven Halls |   6206 |   5823 |    383 |   1491 |   1660 |   3 | 2068.7 |
        Vaults |   9354 |   8049 |   1305 |    802 |   4444 |   5 | 1870.8 |
         Crypt |   3096 |   2731 |    365 |    134 |   1482 |   3 | 1032.0 |
        Depths |   5529 |   4235 |   1294 |    263 |   2677 |   4 | 1382.2 |
          Hell |    848 |    680 |    168 |      0 |    413 |   1 |  848.0 |
           Dis |   2192 |   2134 |     58 |    524 |    401 |   6 |  365.3 |
       Gehenna |   3968 |   3758 |    210 |    487 |   1547 |   7 |  566.9 |
       Cocytus |   3807 |   3728 |     79 |    160 |   2461 |   6 |  634.5 |
           Zot |   6697 |   6095 |    602 |    994 |   2252 |   5 | 1339.4 |
         Abyss |   1047 |   1047 |      0 |     15 |      0 |   2 |  523.5 |
   Pandemonium |   4603 |   4603 |      0 |    233 |    373 |  16 |  287.7 |
      Ziggurat |   1236 |   1236 |      0 |    461 |     91 |  14 |   88.3 |
        Bazaar |    433 |    433 |      0 |      0 |     88 |   2 |  216.5 |
       Volcano |     93 |     93 |      0 |      5 |      0 |   1 |   93.0 |
               +--------+--------+--------+--------+--------+-----+--------+

Top non-repeatable levels by time:
   Elf:3: 2573 daAuts
Vaults:3: 2297 daAuts
   Coc:7: 2295 daAuts
Vaults:2: 2223 daAuts
  Lair:3: 2153 daAuts
   Geh:7: 2098 daAuts
   Elf:2: 2081 daAuts
     D:9: 2066 daAuts
Vaults:1: 2003 daAuts
 Snake:4: 1955 daAuts
   Zot:5: 1921 daAuts
 Snake:3: 1788 daAuts
 Snake:2: 1786 daAuts
    D:14: 1771 daAuts
Depths:3: 1767 daAuts
